 Dungeon Crawl Stone Soup version 0.30-a0-118-ga018f8e90f (webtiles) character file.

Game seed: 13122184933057528360

1924 PyroL the Grappler (level 8, 83/83 HPs)
             Began as a Troll Fighter on Sept 14, 2022.
             Was a Follower of Okawaru.
             Quit the game on level 7 of the Dungeon.
             The game lasted 00:14:08 (5061 turns).

PyroL the Grappler (Troll Fighter)                  Turns: 5061, Time: 00:14:08

Health: 83/83      AC:  5    Str: 27    XL:     8   Next: 96%
Magic:  7/7        EV:  9    Int:  4    God:    Okawaru [*.....]
Gold:   205        SH:  8    Dex: 15    Spells: 7/7 levels left

rFire   . . .      SeeInvis .      - Unarmed
rCold   + . .      Faith    .    b - +0 kite shield
rNeg    + . .      Spirit   .    a - +0 robe
rPois   .          Reflect  .    (helmet restricted)
rElec   .          Harm     .    r - +0 cloak
rCorr   .          Rampage  .    (gloves unavailable)
Will    .....                    (boots unavailable)
Stlth   +.........               j - amulet of magic regeneration
HPRegen 1.03/turn                p - ring of positive energy
MPRegen 0.50/turn                v - ring of Uvicuynk {rC+ Dex+6}

@: studying Armour
A: large, unfitting armour, claws 3, regeneration 1, shaggy fur 1, tough skin 1
a: Renounce Religion, Heroism


You were on level 7 of the Dungeon.
You worshipped Okawaru.
Okawaru was aware of your devotion.
You visited 2 branches of the dungeon, and saw 8 of its levels.

You collected 293 gold pieces.
You spent 88 gold pieces at shops.

Inventory:

Hand Weapons
 s - a +1 hand axe of flaming
Missiles
 e - a throwing net
 g - 4 javelins (quivered)
 u - 26 poisoned darts
 C - 2 large rocks
Armour
 a - a +0 robe (worn)
 b - a +0 kite shield (worn)
 r - a +0 cloak (worn)
Jewellery
 j - an amulet of magic regeneration (around neck)
 p - a ring of positive energy (left claw)
 v - the ring of Uvicuynk (right claw) {rC+ Dex+6}
   (You found it on level 5 of the Dungeon)

   [ring of dexterity]

   Dex:       It affects your dexterity (+6).
   rC:        It protects you from cold.
 D - a ring of ice
Wands
 c - a wand of acid (22)
 w - a wand of roots (14)
Scrolls
 i - 3 scrolls of vulnerability
 k - a scroll of fear
 l - a scroll of amnesia
 m - a scroll of blinking
 n - a scroll of fog
 o - a scroll of magic mapping
 t - a scroll of acquirement {unknown}
 y - a scroll of enchant armour {unknown}
Potions
 d - 2 potions of lignification
 f - a potion of ambrosia
 h - 2 potions of haste
 q - a potion of heal wounds
 x - 3 potions of might
 z - a potion of mutation {unknown}
 B - a potion of curing


   Skills:
 + Level 5.8 Fighting
 + Level 4.7 Armour
 - Level 2.4 Dodging
 - Level 2.6 Shields
 * Level 9.1 Unarmed Combat


You had 7 spell levels left.
You didn't know any spells.
Your spell library contained the following spells:

 Spells                   Type           Power      Damage    Failure   Level
 Sting                    Tmut/Pois      0%         1d3       80%         1
 Poisonous Vapours        Pois/Air       0%         N/A       91%         2
 Olgreb's Toxic Radiance  Pois           0%         N/A       100%        4
 Passage of Golubria      Tloc           0%         N/A       100%        4
 Yara's Violent Unravell  Hex/Tmut       0%         3d3       100%        5
 Tukima's Dance           Hex            Unusable   N/A       N/A         3

Dungeon Overview and Level Annotations

Branches:
Dungeon (7/15)             Temple (1/1) D:4

Altars:
Ashenzari
Cheibriados
Dithmenos
Elyvilon
Gozag
Kikubaaqudgha
Makhleb
Nemelex Xobeh
Okawaru
Qazlal
Trog
Wu Jian
Xom
Yredelemnul
The Shining One

Shops:
D:3 (   D:4 ?*=?:   D:6 !


Innate Abilities, Weirdness & Mutations

You are too large for most types of armour.
You have claws for hands.
Your natural rate of healing is unusually fast.
You are covered in fur. (AC +1)
You have tough skin. (AC +1)


Message History

You open the door.
There is an open door here.
Found a pair of boots.
No target in view!
Found a diamond ring.
Found a stone staircase leading up.
You see here a +0 pair of boots.
D - a ring of ice An iguana comes into view.
The iguana hisses angrily.
An iguana is nearby!
The iguana bites you!
You claw the iguana!
The iguana is severely wounded.
You block the iguana's attack.
You scratch the iguana but do no damage.
The iguana is severely wounded.
The iguana bites you but does no damage.
You scratch the iguana.
You kill the iguana!
Okawaru accepts your kill.
No target in view!
No target in view!
No target in view!
No target in view!
No target in view!
No target in view!
Partly explored, can't reach some places.
Partly explored, can't reach some places.
There is a stone staircase leading down here.
As you read the scroll of identify, it crumbles to dust.
o - a scroll of magic mapping
As you read the scroll of identify, it crumbles to dust.
q - a potion of heal wounds You climb downwards.
You hear the hiss of flowing sand.
There is an entrance to an ossuary on this level.
Hurry and find it before the portal is buried!
There is a stone staircase leading up here.
Okay, then.
Are you sure you want to abandon this character and quit the game? (Confirm with "yes".)

#####
##...
...
#.#
#@#
#.#
#.#
#.#
#.#
#.#
#.#
#.#


There were no monsters in sight!

Vanquished Creatures
  A hornet (D:5)
  Sigmund (D:6)
  A wyvern (D:5)
  An acid dragon (D:5)
  3 phantoms (D:6)
  A bullfrog (D:6)
  A kobold brigand (D:6)
  A killer bee (D:5)
  A jelly (D:5)
  A gnoll bouda (D:4)
  2 orc priests
  Crazy Yiuf (D:4)
  3 hounds
  Jessica (D:2)
  9 iguanas
  5 orc wizards
  5 gnolls
  9 adders
  A shadow imp (D:4)
  A white imp (D:6)
  2 ufetubi
  3 worms
  7 dart slugs
  20 orcs
  9 ball pythons
  8 bats
  11 endoplasms
  5 giant cockroaches
  5 goblins
  12 hobgoblins
  6 jackals
  9 kobolds
  4 quokkas
  3 frilled lizards
  8 rats
161 creatures vanquished.

Vanquished Creatures (others)
  4 plants
4 creatures vanquished.

Grand Total: 165 creatures vanquished

Notes
Turn   | Place    | Note
-------+----------+-------------------------------------------
     0 | D:1      | PyroL the Troll Fighter began the quest for the Orb.
     0 | D:1      | Reached XP level 1. HP: 22/22 MP: 0/0
   172 | D:1      | Reached XP level 2. HP: 27/29 MP: 1/1
   342 | D:1      | Reached skill level 3 in Unarmed Combat
   427 | D:1      | Found a faded altar of an unknown god.
   502 | D:1      | Reached XP level 3. HP: 36/36 MP: 2/2
  1190 | D:2      | Reached XP level 4. HP: 40/45 MP: 3/3
  1262 | D:2      | Noticed Jessica
  1264 | D:2      | Killed Jessica
  1265 | D:2      | Reached skill level 4 in Unarmed Combat
  1484 | D:3      | Reached XP level 5. HP: 51/53 MP: 4/4
  1517 | D:3      | Found a shadowy altar of Dithmenos.
  1886 | D:3      | Found a stormy altar of Qazlal.
  1911 | D:3      | You fall into a shaft and drop 2 floors!
  1911 | D:5      | Entered Level 5 of the Dungeon
  1920 | D:5      | Noticed an acid dragon
  1926 | D:5      | Killed an acid dragon
  1927 | D:5      | Reached skill level 5 in Unarmed Combat
  1927 | D:5      | Reached XP level 6. HP: 62/62 MP: 5/5
  2075 | D:5      | Noticed a wyvern
  2081 | D:5      | Killed a wyvern
  2082 | D:5      | Reached skill level 6 in Unarmed Combat
  2093 | D:5      | Noticed a hornet
  2098 | D:5      | Paralysed by a hornet for 2 turns
  2167 | D:5      | Killed a hornet
  2168 | D:5      | Reached XP level 7. HP: 15/71 MP: 6/6
  2190 | D:5      | Reached skill level 7 in Unarmed Combat
  2499 | D:5      | Reached skill level 1 in Armour
  2539 | D:4      | Found a staircase to the Ecumenical Temple.
  2548 | Temple   | Entered the Ecumenical Temple
  2661 | Temple   | Became a worshipper of Warmaster Okawaru
  2691 | D:4      | Found Luffypsu's Assorted Antiques.
  2846 | D:3      | Found Ceoclai's Weapon Emporium.
  2913 | D:4      | Found a runed translucent door.
  2914 | D:4      | Noticed Crazy Yiuf
  2919 | D:4      | Killed Crazy Yiuf
  2987 | D:4      | Found Detaesue's Book Emporium.
  2988 | D:4      | Found Adefumm's Magic Scroll Shoppe.
  3036 | D:4      | Found a broken altar of Ashenzari.
  3094 | D:4      | Found Ygrin's Jewellery Shop.
  3118 | D:4      | Found Naiwn's Magic Scroll Shoppe.
  3213 | D:4      | Reached XP level 8. HP: 58/79 MP: 7/7
  3219 | D:4      | Reached skill level 5 in Fighting
  3618 | D:5      | Found a bloodstained altar of Trog.
  3734 | D:5      | Reached skill level 8 in Unarmed Combat
  3808 | D:5      | Identified the ring of Uvicuynk {rC+ Dex+6}
  3867 | D:5      | Found an ancient bone altar of Kikubaaqudgha.
  4027 | D:6      | Found an opulent altar of Gozag.
  4054 | D:6      | Found Kiumuudu's Distillery.
  4062 | D:6      | Bought 2 potions of might for 88 gold pieces
  4086 | D:6      | Reached * piety under Okawaru
  4229 | D:6      | Found an ornate altar of the Wu Jian Council.
  4485 | D:6      | Noticed Sigmund
  4493 | D:6      | Killed Sigmund
  4494 | D:6      | Reached skill level 9 in Unarmed Combat
  5061 | D:7      | Quit the game

Illustrated notes

Levels and vault maps discovered:
D:1:      lightli_arrival_boilingwater, layout_basic,
          shapermc_ecumenical_altar_mp_ritualfount, nicolae_grassy_gnolls
D:2:      layout_rooms, uniq_jessica
D:3:      layout_basic, nicolae_dithmenos_through_a_glass_darkly,
          nicolae_qazlal_scattered_showers, serial_shops,
          nicolae_shop_bloodbath_and_beyond, serial_forest,
          infiniplex_forest_clump_double, infiniplex_forest_lined_ring,
          infiniplex_forest_corner_1, infiniplex_forest_end_2,
          infiniplex_forest_end_1, infiniplex_forest_clump_curved,
          infiniplex_forest_straight_3, infiniplex_forest_straight_4,
          infiniplex_forest_zigzag_1, infiniplex_forest_straight_4
D:4:      layout_cave_pools, cheibrodos_ashenzari_chains,
          minmay_temple_entry_junction, serial_shops, nicolae_shop_statue_plus,
          nicolae_shop_statue_plus, nicolae_square_shop,
          nicolae_shop_hallway_plus, shop, minmay_quadrilaterals,
          uniq_crazy_yiuf_cottage
D:5:      layout_rooms, mainiacjoe_overflow_surrounded_room,
          overflow_temple_1_default, kennysheep_minor_cross,
          minmay_manual_monstrance
D:6:      layout_basic, lemuel_tele_altar, nicolae_overflow_crystal_walls,
          serial_shops, shop, uniq_sigmund
D:7:      layout_loops_ring, nicolae_ossuary_entry_plus, minmay_lizard_king
Temple:   nicolae_temple_two_arcs

Skill      XL: |  1  2  3  4  5  6  7  8 |
---------------+-------------------------+-----
Unarmed Combat | 3 4 5 6 7 9 |  9.1
Fighting       | 3 4 5 |  5.8
Armour         | 2 4 |  4.7
Dodging        | |  2.4
Shields        | |  2.6

Action                   |  1- 3 |  4- 6 |  7- 9 || total
-------------------------+-------+-------+-------++-------
Melee: Unarmed           |   105 |   139 |   238 ||   482
  Use: Scroll            |       |     4 |     8 ||    12
       Potion            |       |     3 |       ||     3
 Stab: Distracted        |       |       |     1 ||     1
       Sleeping          |       |       |     1 ||     1
Armor: Robe              |    52 |    65 |    63 ||   180
Dodge: Dodged            |    49 |    82 |    65 ||   196
Block: Kite shield       |    50 |    64 |    69 ||   183

Table legend: (Time is in decaauts)
 A = Elapsed time spent in this place.
 B = Non-inter-level travel time spent in this place.
 C = Inter-level travel time spent in this place.
 D = Time resting spent in this place.
 E = Time spent auto-exploring this place.
 F = Levels seen in this place.
 G = Mean time per level.
                   A        B        C        D        E       F      G
               +--------+--------+--------+--------+--------+-----+--------+
         Total |   5082 |   4930 |    152 |    396 |   3293 |   8 |  635.2 |
       Dungeon |   4960 |   4816 |    144 |    396 |   3187 |   7 |  708.6 |
        Temple |    122 |    114 |      8 |      0 |    106 |   1 |  122.0 |
               +--------+--------+--------+--------+--------+-----+--------+

Top non-repeatable levels by time:
     D:6: 1061 daAuts
     D:5: 996 daAuts
     D:1: 988 daAuts
     D:4: 796 daAuts
     D:3: 688 daAuts
     D:2: 427 daAuts
  Temple: 122 daAuts
     D:7: 0 daAuts
